 Dungeon Crawl Stone Soup version 0.29-a0-266-gf56f883ddd (webtiles) character file.

Game seed: 8913084886219583125

3991 Aksej the Skirmisher (level 10, -3/77 HPs)
             Began as a Demonspawn Gladiator on Mar 6, 2022.
             Was a Priest of Wu Jian.
             Slain by an unseen horror (5 damage)
             ... on level 8 of the Dungeon.
             The game lasted 00:20:28 (9113 turns).

Aksej the Skirmisher (Demonspawn Gladiator)         Turns: 9113, Time: 00:20:29

Health: -3/77      AC: 12    Str: 21    XL:     10   Next: 3%
Magic:  10/10      EV: 18    Int: 14    God:    Wu Jian [***...]
Gold:   28         SH: 16    Dex: 19    Spells: 8/9 levels left

rFire   . . .      SeeInvis .   b - +1 falchion "Lirgheapp" {freeze, Str+3}
rCold   . . .      Faith    .   f - +0 kite shield
rNeg    . . .      Spirit   .   p - +0 leather armour
rPois   +          Reflect  +   c - +0 helmet
rElec   .          Harm     .   s - +2 cloak
rCorr   .          Rampage  .   o - +0 pair of gloves of Space {+Blink Str+4}
Will    .....                   d - +2 pair of boots
Stlth   ++........              i - amulet of reflection
HPRegen 0.22/turn               l - ring of poison resistance
MPRegen 0.12/turn               q - +4 ring of evasion

@: no status effects
A: claws 1, ignite blood 2, powered by death 1, big brain 2
a: Renounce Religion, Evoke Blink, Wall Jump, Serpent's Lash


You were on level 8 of the Dungeon.
You worshipped Wu Jian.
Wu Jian was most pleased with you.
You visited 2 branches of the dungeon, and saw 9 of its levels.
You also visited: Bailey.

You collected 489 gold pieces.
You spent 461 gold pieces at shops.

Inventory:

Hand Weapons
 a - a +1 rapier of flaming
 b - the +1 falchion "Lirgheapp" (weapon) {freeze, Str+3}
   (You found it on level 2 of the Dungeon)

   It freezes those it strikes, dealing additional cold damage.
   It can also slow down cold-blooded creatures.
   Str:       It affects your strength (+3).
Missiles
 e - a throwing net
 w - 2 boomerangs (quivered)
 A - a javelin
Armour
 c - a +0 helmet (worn)
 d - a +2 pair of boots (worn)
 f - a +0 kite shield (worn)
 o - the +0 pair of gloves of Space (worn) {+Blink Str+4}
   (You found it on level 3 of the Dungeon)

   Str:       It affects your strength (+4).
   +Blink:    It lets you blink.
 p - a +0 leather armour (worn)
 s - a +2 cloak (worn)
Jewellery
 i - an amulet of reflection (around neck)
 l - a ring of poison resistance (left hand)
 m - an amulet of regeneration
 q - a +4 ring of evasion (right hand)
 D - a +6 ring of intelligence
Wands
 r - a wand of mindburst (30)
 y - a wand of charming (23)
 z - a wand of iceblast (9)
Scrolls
 t - 2 scrolls of teleportation
 u - a scroll of amnesia
 B - 2 scrolls of fog
 E - a scroll of brand weapon
 G - 3 scrolls of identify
Potions
 g - 6 potions of heal wounds
 h - 2 potions of haste
 j - 3 potions of berserk rage
 k - a potion of flight
 n - a potion of brilliance
 v - a potion of lignification
 x - 2 potions of mutation
 C - a potion of curing
 F - a potion of might


   Skills:
 * Level 6.7 Fighting
 + Level 3.1(5.1) Short Blades
 + Level 6.4(6.7) Long Blades
 + Level 2.0 Throwing
 + Level 3.2 Armour
 + Level 6.0 Dodging
 + Level 3.2 Stealth
 + Level 6.4 Shields


You had 8 spell levels left.
You knew the following spells:

 Your Spells              Type           Power      Damage    Failure   Level
a - Animate Skeleton      Necr           0%         N/A       65%         1

Your spell library contained the following spells:

 Spells                   Type           Power      Damage    Failure   Level
 Magic Dart               Conj           0%         1d3       65%         1
 Pain                     Necr           0%         1d4       65%         1
 Shock                    Conj/Air       0%         1d3       65%         1
 Searing Ray              Conj           0%         2d4       80%         2
 Swiftness                Air            0%         N/A       95%         3
 Vampiric Draining        Necr           0%         2d6       95%         3
 Airstrike                Air            0%         N/A       100%        4
 Fulminant Prism          Conj/Hex       0%         3d6       100%        4


Dungeon Overview and Level Annotations

Branches:
Dungeon (8/15)             Temple (1/1) D:4          Bailey (visited)
   Lair: D:8-11

Altars:
Ashenzari
Cheibriados
Elyvilon
Fedhas
Gozag
Hepliaklqana
Kikubaaqudgha
Makhleb
Nemelex Xobeh
Okawaru
Qazlal
Ru
Sif Muna
Trog
Uskayaw
Vehumet
Wu Jian
Xom
Yredelemnul
Zin
The Shining One
Beogh

Shops:
D:8 ?

Annotations:
D:3 3 runed translucent doors, TryExcept's ghost, amateur DgIE


Innate Abilities, Weirdness & Mutations

You have sharp fingernails.
Your demonic aura often causes spilled blood to erupt in flames.
You regenerate a little health from kills.
You have an extremely huge brain. (Int +4)


Message History

Something hits you but does no damage. x2
You barely miss something.
Something hits you but does no damage. x2
You completely miss something. Something hits you but does no damage.
Something hits you.
You closely miss something. Something hits you but does no damage.
You closely miss something. Something barely misses you. Something hits you.
You hit something. You freeze something. Something hits you.
Something barely misses you. You block something's attack.
Something hits you but does no damage.
You barely miss something. You block something's attack.
Something barely misses you.
You hit something but do no damage. Something hits you but does no damage.
Something barely misses you.
You hit something but do no damage. Something hits you!
* * * LOW HITPOINT WARNING * * *
You block something's attack. Something hits you but does no damage.
Something barely misses you. Something hits you but does no damage.
Something hits you.
* * * LOW HITPOINT WARNING * * *
Something hits you but does no damage. Something barely misses you.
Something hits you but does no damage. Something hits you.
* * * LOW HITPOINT WARNING * * *
Something hits you but does no damage. You block something's attack.
Something hits you.
* * * LOW HITPOINT WARNING * * *
Something hits you.
* * * LOW HITPOINT WARNING * * *
Something hits you.
* * * LOW HITPOINT WARNING * * *
Something hits you but does no damage.
You miss something. You block something's attack. You block something's attack.
Something hits you.
* * * LOW HITPOINT WARNING * * *
Something hits you.
* * * LOW HITPOINT WARNING * * *
Something hits you but does no damage. Something hits you.
You die...

### ..####
#.... #
####..#
#.##.....#
#.....@○#
###
#.##.##.#
#..
#.......#
#.#
#.##.##.#
#.##
#.##.##.#
#.##
#.......#
#<##
####.####
#.## #####
#.# #..[
#...# #.#
####


There were no monsters in sight!

Vanquished Creatures
  A human (Bailey)
  A water moccasin (D:5)
  A sky beast (D:6)
  An ice beast (D:5)
  2 orc warriors
  5 ogres
  5 centaurs
  A phantom (D:5)
  7 bullfrogs
  2 necrophages
  4 scorpions
  A gnoll sergeant (D:6)
  4 wights (D:7)
  2 howler monkeys (D:7)
  5 lava snakes (D:7)
  12 hounds
  A gnoll shaman (D:6)
  3 jellies
  Crazy Yiuf (D:3)
  6 orc priests
  An iguana (D:6)
  8 orc wizards
  8 gnolls (D:6)
  7 adders
  2 shadow imps
  An ufetubus (D:5)
  A worm (D:2)
  A dart slug (D:1)
  17 orcs
  6 ball pythons
  7 endoplasms
  A giant cockroach (D:4)
  8 goblins
  8 hobgoblins
  4 jackals (D:3)
  4 quokkas
  2 bats (D:3)
  3 frilled lizards
  13 kobolds
  4 rats
171 creatures vanquished.

Vanquished Creatures (others)
  A kobold brigand (D:6)
  A hobgoblin (D:6)
  A kobold (D:6)
  3 fungi (D:3)
  7 plants
13 creatures vanquished.

Grand Total: 184 creatures vanquished

Notes
Turn   | Place    | Note
-------+----------+-------------------------------------------
     0 | D:1      | Aksej the Demonspawn Gladiator began the quest for the Orb.
     0 | D:1      | Reached XP level 1. HP: 16/16 MP: 1/1
   216 | D:1      | Gained mutation: Your demonic aura sometimes causes spilled
                  | blood to erupt in flames. [demonic ancestry]
   216 | D:1      | Reached XP level 2. HP: 10/23 MP: 2/2
   606 | D:1      | You fall into a shaft and drop 1 floor!
  1441 | D:2      | Found a faded altar of an unknown god.
  1539 | D:2      | Gained mutation: You have an unusually large brain. (Int
                  | +2) [demonic ancestry]
  1539 | D:2      | Reached XP level 3. HP: 28/28 MP: 3/3
  1757 | D:2      | Identified the +1 falchion "Lirgheapp" {freeze, Str+3}
  2066 | D:3      | Reached skill level 1 in Armour
  2191 | D:3      | Identified the +0 pair of gloves of Space {+Blink Str+4}
  2274 | D:3      | Found a runed translucent gate.
  2298 | D:3      | Found a runed translucent gate.
  2299 | D:3      | Found a runed translucent gate.
  2299 | D:3      | Noticed a kobold brigand
  2300 | D:3      | Noticed TryExcept's ghost (amateur DgIE)
  2826 | D:3      | Found a runed translucent door.
  2827 | D:3      | Noticed Crazy Yiuf
  2836 | D:3      | Killed Crazy Yiuf
  2837 | D:3      | Gained mutation: You regenerate a little health from kills.
                  | [demonic ancestry]
  2837 | D:3      | Reached XP level 4. HP: 29/34 MP: 0/4
  3390 | D:4      | Noticed an ogre
  3397 | D:4      | Killed an ogre
  3398 | D:4      | Reached skill level 1 in Long Blades
  3398 | D:4      | Reached skill level 1 in Shields
  3398 | D:4      | Reached XP level 5. HP: 41/41 MP: 5/5
  3719 | D:4      | Reached XP level 6. HP: 22/47 MP: 6/6
  3914 | D:4      | Found a staircase to the Ecumenical Temple.
  4038 | Temple   | Entered the Ecumenical Temple
  4094 | Temple   | Became a worshipper of the Wu Jian Council
  4247 | D:5      | Entered Level 5 of the Dungeon
  4444 | D:5      | Noticed a water moccasin
  4451 | D:5      | Killed a water moccasin
  4452 | D:5      | Reached skill level 1 in Stealth
  4452 | D:5      | Gained mutation: Your demonic aura often causes spilled
                  | blood to erupt in flames. [demonic ancestry]
  4452 | D:5      | Reached XP level 7. HP: 54/54 MP: 7/7
  5309 | D:6      | Identified the +9 whip of Certain Death {chaos, Will+++
                  | Int-5 Dex+4 Stlth+}
  5396 | D:6      | Reached XP level 8. HP: 61/61 MP: 8/8
  5520 | D:6      | Reached * piety under Wu Jian
  5685 | D:6      | Reached skill level 5 in Fighting
  5735 | D:6      | Reached skill level 5 in Long Blades
  5735 | D:6      | Reached skill level 5 in Dodging
  6090 | D:6      | Learned a level 1 spell: Animate Skeleton
  6268 | D:6      | Gained mutation: You have sharp fingernails. [demonic
                  | ancestry]
  6268 | D:6      | Reached XP level 9. HP: 67/69 MP: 9/9
  6336 | D:6      | Reached skill level 5 in Shields
  6345 | D:6      | Reached ** piety under Wu Jian
  7258 | D:7      | Found a flagged portal.
  7282 | Bailey   | Entered a bailey
  8939 | D:8      | Gained mutation: You have an extremely huge brain. (Int +4)
                  | [demonic ancestry]
  8939 | D:8      | Reached XP level 10. HP: 77/77 MP: 10/10
  8939 | D:8      | Found Jebiesor's Magic Scroll Shoppe.
  8947 | D:8      | Bought 3 scrolls of identify for 78 gold pieces
  8947 | D:8      | Bought a scroll of brand weapon for 260 gold pieces
  8947 | D:8      | Bought a scroll of enchant weapon for 97 gold pieces
  8947 | D:8      | Bought a scroll of identify for 26 gold pieces
  8982 | D:8      | Reached *** piety under Wu Jian
  9111 | D:8      | HP: 2/77 [something (6)]
  9113 | D:8      | Slain by an unseen horror

Illustrated notes

Levels and vault maps discovered:
D:1:      minmay_arrival_diagonal_passages, layout_loops_corners
D:2:      layout_loops_ring, hellmonk_ecumenical_altar_zigzags
D:3:      layout_loops_corners, gammafunk_ghost_nasty_kobolds, fountainhead,
          uniq_crazy_yiuf_cottage
D:4:      layout_gridville, minmay_temple_entry_tees
D:5:      layout_basic
D:6:      kennysheep_housing_project, layout_cave_pods
D:7:      layout_loops_ring, enter_bailey_3, minmay_misc_feat_iff,
          chequers_serial_rivers_small_b, grunt_decor_junction,
          kennysheep_generic_room_5
D:8:      layout_loops_cross, mainiacjoe_overflow_boulevard, serial_shops, shop,
          david_defended_altar_orc
Temple:   kilobyte_greek_temple

Skill      XL: |  1  2  3  4  5  6  7  8  9 10 |
---------------+-------------------------------+-----
Short Blades   | 3 |  3.1
Armour         | 1 2 3 |  3.2
Dodging        | 3 4 5 6 |  6.0
Fighting       | 3 4 5 6 |  6.7
Long Blades    | 1 2 4 5 6 |  6.4
Shields        | 1 2 3 4 6 |  6.4
Throwing       | 2 |  2.0
Stealth        | 1 3 |  3.2

Action                   |  1- 3 |  4- 6 |  7- 9 | 10-12 || total
-------------------------+-------+-------+-------+-------++-------
Melee: Rapier            |    73 |       |       |       ||    73
       Falchion          |    51 |   109 |   458 |    30 ||   648
Throw: Throwing net      |       |     3 |       |       ||     3
       Boomerang         |       |       |     4 |       ||     4
       Javelin           |       |       |     1 |       ||     1
Invok: Lunge             |       |     3 |    24 |     2 ||    29
       Whirlwind         |       |       |     9 |     1 ||    10
  Use: Scroll            |     2 |     3 |     6 |     3 ||    14
       Potion            |       |     2 |     2 |       ||     4
 Stab: Held in net/web   |       |     2 |       |       ||     2
       Sleeping          |       |       |     6 |       ||     6
       Distracted        |       |       |     1 |       ||     1
Armor: Leather armour    |    29 |    21 |   129 |    32 ||   211
Dodge: Dodged            |    39 |    60 |   341 |    24 ||   464
Block: Kite shield       |    82 |    92 |   407 |    21 ||   602
       Reflection        |     4 |     1 |     9 |       ||    14

Table legend: (Time is in decaauts)
 A = Elapsed time spent in this place.
 B = Non-inter-level travel time spent in this place.
 C = Inter-level travel time spent in this place.
 D = Time resting spent in this place.
 E = Time spent auto-exploring this place.
 F = Levels seen in this place.
 G = Mean time per level.
                   A        B        C        D        E       F      G
               +--------+--------+--------+--------+--------+-----+--------+
         Total |   9291 |   9090 |    201 |      0 |   7379 |  10 |  929.1 |
       Dungeon |   8994 |   8800 |    194 |      0 |   7156 |   8 | 1124.2 |
        Temple |    160 |    153 |      7 |      0 |    136 |   1 |  160.0 |
        Bailey |    136 |    136 |      0 |      0 |     87 |   1 |  136.0 |
               +--------+--------+--------+--------+--------+-----+--------+

Top non-repeatable levels by time:
     D:7: 1933 daAuts
     D:6: 1648 daAuts
     D:3: 1268 daAuts
     D:1: 1232 daAuts
     D:5: 1037 daAuts
     D:4: 876 daAuts
     D:2: 784 daAuts
     D:8: 211 daAuts
  Temple: 160 daAuts
  Bailey: 136 daAuts
